Map: Blackpink LE

Players

Lurtian

  • Race: Zerg Zerg
  • League: Gold
  • Spawn Location: 7:00

mhaley - Winner!

  • Race: Protoss Protoss
  • League: Gold
  • Spawn Location: 1:00

VOD

Have the link to the VOD?

Description

Time

  • Played on: Nov. 29, 2017, 9:34 p.m.
  • Length: 20:17
Show
View Real Time Build Order
Export as new Build Order

Lurtian Zerg 

Build Orders: Pool First 

Get SALT Encoding   

  12  0:01  Drone  
  13  0:13  Drone  
  14  0:23  Extractor  
  14  0:24  Overlord  
  14  0:25  Extractor  
  14  0:39  Spawning Pool  
  14  0:41  Extractor  
  12  0:43  Drone  
  12  0:49  Drone  
  14  0:52  Drone  
  15  0:58  Drone  
  16  1:07  Overlord  
  16  1:26  Zergling x2  
  16  1:27  Zergling x2  
  16  1:29  Queen  
  20  1:42  Zergling x2  
  21  1:59  Hatchery  
  20  2:04  Zergling x4  
  22  2:15  Drone  
  23  2:18  Spore Crawler  
  23  2:20  Drone  
  21  3:20  Zergling x6  
  21  3:21  Zergling x2  
  21  3:23  Zergling x4  
  26  3:33  Drone  
  25  3:39  Drone, Extractor  
  25  3:40  Queen  
  27  3:46  Metabolic Boost  
  27  3:52  Queen  
  29  3:57  Zergling x4  
  29  4:00  Drone  
  29  4:01  Drone x2  
  34  4:07  Zergling x2  
  34  4:08  Zergling x2  
  36  4:29  Overlord x3  
  33  4:47  Zergling x2  
  33  4:51  Drone x6  
  40  5:04  Lair  
  40  5:09  Drone x3  
  40  5:10  Drone  
  44  5:21  Drone  
  45  5:34  Drone x2  
  47  5:38  Hatchery  
  47  5:40  Zergling x6  
  47  5:42  Overlord  
  49  5:44  Overlord  
  49  5:53  Spore Crawler  
  48  6:06  Drone x2  
  48  6:08  Drone  
  48  6:10  Drone x3  
  54  6:12  Zergling x6  
  54  6:14  Extractor  
  54  6:16  Extractor  
  55  6:34  Drone  
  56  6:53  Hydralisk Den  
  55  6:54  Drone  
  55  6:55  Spire, Drone x3  
  55  6:57  Drone x4  
  62  7:05  Drone  
  62  7:06  Drone  
  64  7:26  Drone x2  
  64  7:27  Queen  
  64  7:29  Overlord x3  
  68  7:42  Zergling x6  
  71  7:45  Hydralisk  
  73  8:12  Drone x3  
  76  8:20  Mutalisk x5, Hatchery  
  85  8:28  Drone x3  
  85  8:29  Drone x2  
  90  8:43  Extractor  
  90  8:44  Extractor, Drone x3  
  90  8:45  Drone x2  
  93  8:48  Hydralisk x2  
  97  8:56  Overlord x3  
  97  8:58  Overseer  
  97  9:00  Pneumatized Carapace  
  97  9:09  Infestation Pit  
  96  9:11  Mutalisk  
  96  9:15  Drone, Overlord x2  
  99  9:25  Spore Crawler  
  99  9:29  Drone x6  
  104  9:36  Queen  
  104  9:37  Drone  
  107  9:44  Drone  
  108  10:06  Drone  
  108  10:07  Drone x4  
  111  10:14  Hydralisk x2  
  111  10:15  Hydralisk x9  
  131  10:31  Drone x3  
  134  10:48  Hive  
  134  10:51  Spire  
  134  10:53  Muscular Augments, Hatchery  
  134  10:55  Mutalisk x2  
  136  11:00  Overlord x3  
  136  11:27  Corruptor  
  136  11:28  Corruptor x2  
  142  11:43  Hydralisk  
  142  11:44  Hydralisk x12  
  132  12:27  Greater Spire  
  132  12:33  Queen  
  132  12:35  Drone x3  
  137  12:37  Overlord  
  137  12:38  Overlord  
  137  12:42  Zergling x22  
  148  12:56  Overlord  
  148  12:57  Overlord  
  148  12:59  Mutalisk x4  
  156  13:12  Zerg Flyer Weapons Level 1  
  156  13:22  Drone  
  156  13:23  Overseer  
  156  13:24  Overseer  
  157  13:28  Drone x2  
  157  13:29  Drone x3  
  162  13:38  Ultralisk Cavern  
  161  13:41  Zergling x2  
  161  13:42  Zergling x10  
  167  14:06  Brood Lord x3  
  173  14:11  Zergling x12, Drone  
  173  14:12  Zergling x10  
  185  14:21  Hydralisk x7  
  121  15:33  Zergling x18  
  100  15:38  Zergling x6  
  100  15:39  Zergling x26  
  100  15:49  Ultralisk  
  102  15:50  Ultralisk x7  
  102  15:51  Ultralisk x2  
  136  16:22  Queen  
  138  16:34  Drone x2, Extractor  
  138  16:36  Extractor  
  138  16:46  Hatchery  
  137  16:48  Hatchery  
  104  17:32  Overseer  
  47  17:44  Swarm Host  
  47  17:45  Zergling x4  
  52  17:54  Zergling x8  
  52  17:55  Zergling x14  
  63  17:59  Queen  
  65  18:15  Infestor x2  
  69  18:29  Zergling x2, Drone  
  69  18:30  Zergling x8  
Show
View Real Time Build Order
Export as new Build Order

mhaley Protoss - Winner!

Build Orders: 1 Gate Expand, Zealot Archon 

Get SALT Encoding   

  12  0:00  Probe  
  13  0:13  Probe  
  14  0:21  Pylon  
  14  0:25  Probe  
  15  0:41  Gateway  
  15  0:42  Probe (Chrono Boost)  
  16  0:47  Assimilator  
  17  0:53  Probe (Chrono Boost)  
  17  0:56  Probe  
  18  1:08  Probe  
  19  1:28  Cybernetics Core  
  19  1:35  Nexus  
  19  1:40  Probe  
  19  1:43  Assimilator  
  20  1:48  Pylon  
  20  1:53  Probe  
  21  2:06  Gateway, Probe (Chrono Boost)  
  23  2:18  Probe (Chrono Boost)  
  23  2:20  Probe  
  24  2:34  Stalker (Chrono Boost)  
  26  2:42  Warp Gate  
  26  2:43  Shield Battery  
  25  2:58  Probe (Chrono Boost)  
  29  3:08  Probe (Chrono Boost)  
  29  3:12  Probe  
  30  3:24  Stalker, Probe x2  
  30  3:30  Pylon  
  27  3:38  Probe (Chrono Boost)  
  28  3:44  Probe (Chrono Boost)  
  30  3:54  Forge  
  31  3:55  Probe x2 (Chrono Boost)  
  31  3:58  Pylon  
  31  4:00  Probe  
  31  4:02  Probe  
  33  4:06  Stalker x2  
  37  4:12  Probe  
  37  4:49  Nexus  
  37  4:52  Pylon  
  37  5:06  Forge  
  37  5:08  Protoss Ground Weapons Level 1 (Chrono Boost)  
  37  5:17  Twilight Council  
  37  5:20  Pylon  
  37  5:26  Shield Battery  
  37  5:29  Gateway, Photon Cannon  
  37  5:48  Protoss Ground Armor Level 1 (Chrono Boost)  
  37  5:56  Dark Shrine  
  37  5:59  Shield Battery  
  37  6:02  Probe (Chrono Boost)  
  39  6:14  Charge, Probe (Chrono Boost)  
  39  6:16  Probe  
  40  6:28  Probe  
  41  6:40  Probe  
  41  6:42  Protoss Ground Weapons Level 2 (Chrono Boost)  
  42  6:51  Robotics Facility  
  42  6:52  Gateway, Probe  
  42  6:53  Photon Cannon  
  43  7:01  Gateway  
  43  7:04  Gateway x2, Probe  
  43  7:07  Pylon  
  44  7:16  Pylon, Probe (Chrono Boost)  
  44  7:19  Assimilator  
  44  7:20  Pylon  
  44  7:22  Assimilator  
  45  7:28  Probe (Chrono Boost)  
  46  7:31  Probe (Chrono Boost)  
  46  7:33  Dark Templar  
  46  7:34  Dark Templar  
  51  7:38  Protoss Ground Armor Level 2 (Chrono Boost), Archon  
  51  7:43  Probe  
  52  7:56  Probe  
  53  8:03  Dark Templar x2  
  57  8:13  Archon  
  57  8:18  Observer  
  58  8:37  Dark Templar x4  
  66  8:41  Nexus  
  66  8:42  Archon x2  
  66  8:44  Pylon  
  66  8:47  Pylon  
  66  8:57  Probe  
  66  8:58  Pylon  
  67  9:09  Probe  
  68  9:13  Protoss Ground Weapons Level 3 (Chrono Boost)  
  68  9:25  Photon Cannon  
  68  9:27  Photon Cannon  
  68  9:29  Shield Battery  
  68  9:31  Shield Battery  
  68  9:33  Gateway, Protoss Shields Level 1 (Chrono Boost)  
  68  9:37  Gateway  
  68  9:39  Assimilator  
  68  9:44  Assimilator  
  68  9:58  Dark Templar x2  
  72  10:04  Archon  
  66  10:44  Blink  
  66  10:57  Probe  
  66  11:01  Photon Cannon  
  67  11:06  Photon Cannon  
  67  11:08  Probe (Chrono Boost)  
  67  11:10  Pylon  
  69  11:12  Probe (Chrono Boost)  
  69  11:19  Protoss Ground Armor Level 3 (Chrono Boost)  
  69  11:20  Probe (Chrono Boost)  
  69  11:22  Protoss Shields Level 2 (Chrono Boost)  
  71  11:29  Probe x2 (Chrono Boost)  
  72  11:34  Probe  
  72  11:35  Probe  
  74  11:46  Probe  
  75  11:47  Probe  
  76  11:55  Immortal  
  76  11:58  Probe  
  52  12:26  Zealot x3  
  52  12:27  Zealot x5  
  52  12:28  Zealot  
  70  12:34  Warp Prism  
  70  12:35  Gateway  
  70  12:36  Gateway  
  72  12:39  Gateway  
  72  12:40  Probe  
  72  12:41  Gateway  
  73  12:52  Dark Templar x3  
  73  12:53  Dark Templar x5  
  73  12:54  Dark Templar  
  91  13:18  Archon x4  
  91  13:31  Dark Templar x3  
  91  13:32  Dark Templar x3  
  103  13:43  Zealot x4  
  103  13:44  Zealot x3  
  117  13:53  Archon  
  117  14:04  Observer  
  117  14:06  Nexus  
  117  14:08  Pylon, Archon x2  
  118  14:12  Dark Templar  
  118  14:13  Pylon  
  120  14:20  Archon  
  120  14:23  Zealot  
  120  14:24  Zealot x3  
  126  14:25  Nexus, Zealot x2  
  126  14:26  Zealot  
  126  14:28  Pylon  
  134  14:32  Pylon  
  134  14:43  Protoss Air Weapons Level 1 (Chrono Boost)  
  134  14:47  Protoss Shields Level 3 (Chrono Boost)  
  133  15:01  Zealot x4  
  133  15:02  Zealot  
  133  15:03  Zealot  
  103  15:50  Probe  
  103  15:53  Probe  
  105  16:02  Probe  
  105  16:05  Probe  
  106  16:14  Probe  
  106  16:16  Dark Templar x6  
  106  16:17  Probe, Dark Templar x5  
  130  16:26  Assimilator, Probe  
  130  16:27  Protoss Air Armor Level 1 (Chrono Boost)  
  130  16:28  Assimilator  
  130  16:29  Probe  
  130  16:32  Observer  
  133  16:38  Probe  
  134  16:41  Archon x2, Probe  
  134  16:42  Archon x3  
  135  16:53  Immortal  
  139  17:11  Dark Templar x2  
  139  17:12  Dark Templar  
  139  17:13  Zealot x2  
  139  17:14  Zealot x4  
  139  17:15  Zealot x2  
  159  17:21  Archon  
  157  17:32  Immortal  
  129  17:44  Archon  
  129  18:12  Observer  
  130  18:33  Observer  
Tags
 
Add a new tag
Caveats
  • Supply blocks, unpowered buildings, or Contaminate may cause inaccurate times.
  • Supply counts are checked every 10 seconds.